[Event "Late Titled Tuesday Blitz February 8 2022"]
[White "Wu, Christopher"]
[Black "Estrada Nieto, Julian"]
[WhiteFideId "2040875"]
[BlackFideId "5101018"]
[WhiteElo "2656"]
[BlackElo "2246"]
[Result "1/2-1/2"]
[Round "04"]
[TimeControl "180+1"]
[Date "2022.02.09"]
[WhiteClock "0:00:22"]
[BlackClock "0:00:27"]

1. d4 d5 2. c4 dxc4 3. Nf3 Nf6 4. e3 Bg4 5. Bxc4 e6 6. O-O a6 7. a4 Nc6 8. Nc3 Bd6 9. h3 Bh5 10. b3 O-O 11. Bb2 e5 12. Be2 exd4 13. Nxd4 Bxe2 14. Ncxe2 Nxd4 15. Nxd4 Re8 16. Rc1 Be5 17. Qc2 c6 18. Rfd1 Qc8 19. Nf3 Bxb2 20. Qxb2 h6 21. Rd4 Qe6 22. Rcd1 Ne4 23. b4 a5 24. b5 cxb5 25. axb5 a4 26. Ra1 Nc5 27. Rg4 g6 28. Nd4 Qe5 29. Qa3 Nb3 30. Rd1 Nxd4 31. Rdxd4 Qxb5 32. Rxa4 Rxa4 33. Rxa4 h5 34. Rd4 Rc8 35. Qd6 Qb1+ 36. Kh2 Qf5 37. Qe7 b5 38. Rf4 Qd5 39. e4 Qc4 40. Rf6 b4 41. Rb6 b3 42. Qb7 Re8 43. Rxb3 Qxe4 44. Qxe4 Rxe4 45. Rb8+ Kg7 46. Rb3 1/2-1/2


[Site "https://www.chess.com"]

[Event "Late Titled Tuesday Blitz February 8 2022"]
[White "Yang, Cayden"]
[Black "Golubenko, Valentina"]
[WhiteFideId "30967260"]
[BlackFideId "4501993"]
[WhiteElo "2631"]
[BlackElo "2164"]
[Result "1-0"]
[Round "04"]
[TimeControl "180+1"]
[Date "2022.02.09"]
[WhiteClock "0:00:06"]
[BlackClock "0:00:17"]

1. Nf3 g6 2. e3 Bg7 3. d4 c5 4. c3 cxd4 5. exd4 d5 6. Bd3 Bg4 7. h3 Bxf3 8. Qxf3 e6 9. O-O Ne7 10. Bf4 O-O 11. Nd2 Nbc6 12. h4 e5 13. dxe5 Nxe5 14. Qh3 Nxd3 15. Qxd3 Nf5 16. h5 d4 17. cxd4 Qxd4 18. Qxd4 Nxd4 19. Kh1 Rac8 20. Rac1 Rxc1 21. Rxc1 Ne2 22. Rc4 Nxf4 23. Rxf4 Bxb2 24. Nc4 Bg7 25. Na5 Rd8 26. g3 b6 27. Nc6 Rd7 28. Re4 h6 29. hxg6 fxg6 30. Re8+ Kf7 31. Ra8 Ke6 32. Nxa7 Rd2 33. Rb8 Bd4 34. Re8+ Kf7 35. Re4 Bxf2 36. Nc8 Bc5 37. a4 Ra2 38. Na7 Kf6 39. Nc6 Kf5 40. Rf4+ Kg5 41. Ne5 Bd6 42. Nf7+ Kh5 43. Nxd6 g5 44. Re4 Ra1+ 45. Kg2 Ra2+ 46. Kh3 Ra1 47. Nf5 g4+ 48. Rxg4 Rh1+ 49. Kg2 Kxg4 50. Ne3+ Kg5 51. Kxh1 b5 52. axb5 1-0


[Site "https://www.chess.com"]

[Event "Late Titled Tuesday Blitz February 8 2022"]
[White "Zarubitski, Viachaslau"]
[Black "Xiong, Jeffery"]
[WhiteFideId "13509373"]
[BlackFideId "2047640"]
[WhiteElo "2325"]
[BlackElo "2727"]
[Result "0-1"]
[Round "04"]
[TimeControl "180+1"]
[Date "2022.02.08"]
[WhiteClock "0:00:40"]
[BlackClock "0:01:18"]

1. e4 c5 2. Nf3 d6 3. Bb5+ Nd7 4. d4 cxd4 5. Qxd4 a6 6. Bxd7+ Qxd7 7. Nc3 e5 8. Qd3 Qc6 9. O-O Be6 10. Rd1 Rc8 11. Nd2 Nf6 12. a4 Be7 13. Nf1 Nd7 14. Qg3 h5 15. Qxg7 Bf6 16. Qg3 Ke7 17. Ne3 Rcg8 18. Ncd5+ Kf8 19. Qf3 Bd8 20. Ra3 Nc5 21. Rc3 Qxa4 22. b4 Bg4 23. Nxg4 hxg4 24. Qf5 Ne6 25. Rc8 Qd7 26. Rb8 Rg6 27. Rd3 Kg7 28. Be3 Qc6 29. Rc3 Qa4 30. g3 Nd4 31. Bxd4 Qa1+ 32. Kg2 Rxh2+ 0-1


[Site "https://www.chess.com"]

[Event "Late Titled Tuesday Blitz February 8 2022"]
[White "Zhou, Qiyu"]
[Black "Mirza, Diana"]
[WhiteFideId "505161"]
[BlackFideId "2503999"]
[WhiteElo "1925"]
[BlackElo "1813"]
[Result "1-0"]
[Round "04"]
[TimeControl "180+1"]
[Date "2022.02.09"]
[WhiteClock "0:00:18"]
[BlackClock "0:00:14"]

1. e4 d5 2. exd5 Qxd5 3. Nc3 Qd8 4. Bc4 a6 5. d3 b5 6. Bb3 Bb7 7. Nf3 Nf6 8. Be3 e6 9. a3 Be7 10. Qe2 O-O 11. O-O-O Nbd7 12. Rhg1 Nc5 13. Bxc5 Bxc5 14. g4 Nd5 15. Ne4 Be7 16. g5 b4 17. a4 Bc6 18. h4 Qd7 19. Ne5 Qe8 20. Nxc6 Qxc6 21. h5 Nb6 22. g6 Nxa4 23. gxh7+ Kh8 24. Qg4 Rg8 25. hxg8=Q+ Rxg8 26. Ng5 f5 27. Nf7+ Kh7 28. Qg6# 1-0


[Site "https://www.chess.com"]

[Event "Late Titled Tuesday Blitz February 8 2022"]
[White "Zierk, Steven"]
[Black "Khripachenko, Alexander"]
[WhiteFideId "2034255"]
[BlackFideId "54184975"]
[WhiteElo "2494"]
[BlackElo "2177"]
[Result "0-1"]
[Round "04"]
[TimeControl "180+1"]
[Date "2022.02.08"]
[WhiteClock "0:00:04"]
[BlackClock "0:01:13"]

1. b3 d5 2. Bb2 Bg4 3. f3 Bh5 4. h4 Qd6 5. Rh3 f6 6. e3 Nc6 7. g4 Bf7 8. Ne2 e5 9. d4 O-O-O 10. Nd2 h5 11. g5 Nge7 12. dxe5 fxe5 13. e4 d4 14. Ng3 Be6 15. Rh2 Ng6 16. Bc4 Nf4 17. Ne2 Ng6 18. Nc1 Be7 19. Nd3 Rhf8 20. Qe2 Bxc4 21. Nxc4 Qe6 22. a4 Bb4+ 23. Nxb4 Nxb4 24. O-O-O Nc6 25. Kb1 Nf4 26. Qe1 a6 27. Bc1 d3 28. Qc3 dxc2+ 29. Qxc2 Rxd1 30. Qxd1 Rd8 31. Qf1 Nd3 32. Rd2 Ncb4 33. Ba3 b5 34. axb5 axb5 35. Bxb4 bxc4 36. Bc3 Qb6 37. Qd1 Qxb3+ 38. Qxb3 cxb3 39. g6 c5 40. Rg2 Rf8 41. Rg3 c4 42. Bd2 Kd7 43. Bg5 c3 0-1


[Site "https://www.chess.com"]

[Event "Late Titled Tuesday Blitz February 8 2022"]
[White "Zivkovic, Nemanja"]
[Black "Ozen, Deniz"]
[WhiteFideId "942154"]
[BlackFideId "6349196"]
[WhiteElo "2388"]
[BlackElo "2326"]
[Result "0-1"]
[Round "04"]
[TimeControl "180+1"]
[Date "2022.02.08"]
[WhiteClock "0:00:07"]
[BlackClock "0:00:33"]

1. d4 Nf6 2. Nf3 d5 3. Bf4 Nh5 4. Bg5 h6 5. Bh4 g5 6. Bg3 Nc6 7. e3 Bg7 8. c4 Bg4 9. Nbd2 e5 10. dxe5 Nxg3 11. hxg3 Nxe5 12. cxd5 Qxd5 13. Qa4+ Bd7 14. Qc2 Nxf3+ 15. Nxf3 Qa5+ 16. Nd2 O-O-O 17. Bd3 Ba4 18. Qc4 Bxb2 19. Ke2 Bxa1 20. Rxa1 Qd5 21. Qc3 Bc6 22. Nb3 Qxg2 23. Nd4 h5 24. Rc1 Qd5 25. Bc4 Qd7 26. Qb3 Rhe8 27. Nxc6 Qxc6 28. Rc2 g4 29. Bb5 Qf3+ 0-1


[Site "https://www.chess.com"]

[Event "Late Titled Tuesday Blitz February 8 2022"]
[White "Aaditya Dhingra"]
[Black "Mirzoev, Azer"]
[WhiteFideId "25678191"]
[BlackFideId "13400304"]
[WhiteElo "1789"]
[BlackElo "2525"]
[Result "0-1"]
[Round "05"]
[TimeControl "180+1"]
[Date "2022.02.09"]
[WhiteClock "0:00:13"]
[BlackClock "0:01:28"]

1. Nf3 c5 2. e4 d6 3. d4 cxd4 4. Nxd4 Nf6 5. Nc3 a6 6. Bg5 Nbd7 7. Bc4 b5 8. Bd5 Nxd5 9. exd5 Bb7 10. Nc6 Qc7 11. O-O Bxc6 12. dxc6 Qxc6 13. Re1 e6 14. Qd4 h6 15. Bh4 Qc4 16. Rad1 Qxd4 17. Rxd4 Rc8 18. a4 bxa4 19. Rxa4 Nc5 20. Rc4 Kd7 21. Ra1 Be7 22. Bxe7 Kxe7 23. Ne2 d5 24. Rg4 g5 25. f3 Rb8 26. b3 Rhc8 27. Rd4 Rb6 28. b4 Nd7 29. c3 f5 30. Rd2 Ne5 31. Rda2 Rcc6 32. Re1 Kf6 33. Rc2 Nd3 34. Rd1 Nf4 35. Nd4 Rc4 36. g3 Ng6 37. Nb3 Ne5 38. Kf2 Rbxb4 39. Na5 Rc5 40. Ra1 Rbb5 0-1


[Site "https://www.chess.com"]

[Event "Late Titled Tuesday Blitz February 8 2022"]
[White "Al Hosani, Omran"]
[Black "Buscar, Michael"]
[WhiteFideId "9308733"]
[BlackFideId "2603616"]
[WhiteElo "2246"]
[BlackElo "2010"]
[Result "1/2-1/2"]
[Round "05"]
[TimeControl "180+1"]
[Date "2022.02.09"]
[WhiteClock "0:00:05"]
[BlackClock "0:00:03"]

1. d4 Nf6 2. c4 e6 3. Nc3 d5 4. cxd5 exd5 5. Bf4 a6 6. e3 Be7 7. Nf3 O-O 8. Bd3 Nbd7 9. O-O Re8 10. Qc2 c6 11. Rab1 Nf8 12. b4 Ne6 13. Bg3 g6 14. a4 Ng7 15. b5 cxb5 16. axb5 a5 17. b6 Bf5 18. Nb5 Qxb6 19. Nc7 Qc6 20. Bxf5 Nxf5 21. Qxc6 bxc6 22. Nxa8 Rxa8 23. Rb8+ Rxb8 24. Bxb8 c5 25. Ra1 cxd4 26. Nxd4 Nxd4 27. exd4 Bb4 28. Bc7 Bc3 29. Ra4 Ne4 30. Bxa5 Bb2 31. f3 Nd6 32. Rb4 Nc4 33. Bb6 Bc3 34. Rb3 Nxb6 35. Rxc3 Nc4 36. Kf2 Kg7 37. Ke2 Kf6 38. Rb3 h5 39. Rb7 Ke6 40. Ra7 h4 41. Ra6+ Kf5 42. g4+ hxg3 43. hxg3 Kg5 44. Kf2 Kf5 45. g4+ Kg5 46. Kg3 Kh6 47. Kf4 Kg7 48. Ra7 Kf6 49. g5+ Ke6 50. Ra6+ Ke7 51. Kg3 Kd7 52. f4 Nd6 53. Kf3 Nf5 54. Ra4 Kd6 55. Kg4 Ke6 56. Ra6+ Kd7 57. Ra5 Kd6 58. Ra8 Nxd4 59. Rf8 Ke6 60. Re8+ Kd7 61. Re1 Nf5 62. Re5 Kd6 63. Rxf5 gxf5+ 64. Kxf5 Kc5 65. Kf6 d4 66. Kxf7 d3 67. g6 d2 68. g7 d1=Q 69. g8=Q Qd5+ 70. Kf8 Qd8+ 71. Kg7 Qh4 72. Qc8+ Kd5 73. f5 Ke5 74. Qe6+ Kf4 75. f6 Qg5+ 76. Kf7 Qa5 77. Ke7 Kg5 78. f7 Qc7+ 79. Qd7 Qe5+ 80. Kd8 Qb8+ 81. Ke7 Qe5+ 82. Qe6 Qc7+ 83. Ke8 Qb8+ 84. Kd7 Qb7+ 85. Kd8 Qb8+ 86. Ke7 Qc7+ 1/2-1/2


[Site "https://www.chess.com"]

[Event "Late Titled Tuesday Blitz February 8 2022"]
[White "Al-Tarboush, Ward"]
[Black "Mikhalsky, Vladimir"]
[WhiteFideId "7601450"]
[BlackFideId "14144352"]
[WhiteElo "2276"]
[BlackElo "2248"]
[Result "1-0"]
[Round "05"]
[TimeControl "180+1"]
[Date "2022.02.09"]
[WhiteClock "0:01:07"]
[BlackClock "0:00:43"]

1. e4 g6 2. d4 Bg7 3. Nf3 d6 4. c3 Nd7 5. Bd3 e5 6. O-O Ngf6 7. Nbd2 O-O 8. b4 a5 9. b5 a4 10. a3 d5 11. dxe5 Nxe4 12. Nxe4 dxe4 13. Bxe4 Nxe5 14. Qxd8 Nxf3+ 15. Bxf3 Rxd8 16. Bf4 Bxc3 17. Rad1 Be6 18. Bxb7 Rxd1 19. Rxd1 Ra7 20. Bc6 Bb2 21. Bh6 f6 22. Rd8+ Kf7 23. Be3 Ra5 24. Bd2 Ra7 25. Bb4 f5 26. h4 h6 27. h5 gxh5 28. g3 Bf6 29. Rf8+ Kg7 30. Rb8 h4 31. Bc5 Ra5 32. Rb7 hxg3 33. Rxc7+ Kg6 34. Bb6 gxf2+ 35. Kxf2 Bc3 36. Be8+ Kf6 37. Rxc3 Ra8 38. Bc6 Rb8 39. Bd4+ Kg5 40. Rg3+ Kf4 41. Re3 Bb3 42. Be5+ Kg4 43. Rg3+ Kh4 44. Bf6+ Kh5 45. Bf3# 1-0


[Site "https://www.chess.com"]

[Event "Late Titled Tuesday Blitz February 8 2022"]
[White "Andrews, Todd"]
[Black "Fishbein, Alexander"]
[WhiteFideId "2012456"]
[BlackFideId "2000377"]
[WhiteElo "2432"]
[BlackElo "2442"]
[Result "0-1"]
[Round "05"]
[TimeControl "180+1"]
[Date "2022.02.09"]
[WhiteClock "0:00:09"]
[BlackClock "0:00:27"]

1. e4 c5 2. Nf3 d6 3. d4 cxd4 4. Nxd4 Nf6 5. Nc3 Nc6 6. Bc4 e6 7. Bb3 Be7 8. Be3 a6 9. Qe2 Qc7 10. O-O-O Na5 11. g4 b5 12. g5 Nxb3+ 13. axb3 Nd7 14. Nf5 exf5 15. Nd5 Qd8 16. exf5 Bb7 17. f6 gxf6 18. gxf6 Bxd5 19. fxe7 Qa5 20. Bd4 Rg8 21. Rhe1 Rc8 22. Kb1 Be6 23. Qh5 Rg6 24. Qxh7 Kxe7 25. Qh4+ Nf6 26. f4 Kd7 27. Bxf6 Rxc2 28. Rxd6+ Kxd6 29. Rd1+ Rd2 30. Be5+ Kd7 31. Qe1 Bf5+ 32. Kc1 Rxd1+ 33. Qxd1+ Ke8 34. Qd6 Rxd6 0-1


[Site "https://www.chess.com"]

[Event "Late Titled Tuesday Blitz February 8 2022"]
[White "Aradhya, Garg"]
[Black "Khanin, Semen"]
[WhiteFideId "25006746"]
[BlackFideId "4111990"]
[WhiteElo "2617"]
[BlackElo "2792"]
[Result "1-0"]
[Round "05"]
[TimeControl "180+1"]
[Date "2022.02.09"]
[WhiteClock "0:00:03"]
[BlackClock "0:00:01"]

1. d4 g6 2. Nf3 Bg7 3. c4 d6 4. Nc3 Nd7 5. g3 e5 6. Bg2 f5 7. Bg5 Ngf6 8. dxe5 dxe5 9. e4 O-O 10. O-O h6 11. Bxf6 Qxf6 12. Nd5 Qd8 13. Nh4 c6 14. Nxg6 cxd5 15. Nxf8 Nxf8 16. cxd5 Qd6 17. Rc1 Bd7 18. Qb3 b6 19. Rc2 Nh7 20. Rfc1 fxe4 21. Bxe4 Nf6 22. f3 Nxe4 23. fxe4 Rf8 24. Rf1 Rxf1+ 25. Kxf1 h5 26. Kg2 Bh6 27. Qf3 Bg4 28. Qf1 Qg6 29. Qd3 h4 30. h3 Bd7 31. g4 Bf4 32. Qf3 Qd6 33. Qa3 Qg6 34. Qf3 Kf8 35. Qa3+ Ke8 36. Qf3 Kd8 37. b3 Qd6 38. Qc3 a5 39. Qc4 b5 40. Qc3 Qb6 41. Qd3 b4 42. d6 Qd4 43. Qe2 Qxd6 44. Qc4 Be6 45. Qc5 Qxc5 46. Rxc5 a4 47. Rb5 axb3 48. axb3 Bd2 49. Kf3 Bc3 50. g5 Bxb3 51. g6 Ke7 52. Rb6 Kf8 53. Kg4 Kg7 54. Kxh4 Kh6 55. g7+ Kxg7 56. Kg5 Bf7 57. Rb7 b3 58. h4 b2 59. h5 Bd2+ 60. Kf5 Bc1 61. h6+ Kxh6 62. Kxe5 Ba2 63. Kf6 b1=Q 64. Rxb1 Bxb1 65. e5 Bb2 66. Ke6 Kg5 67. Kd6 Kg6 68. e6 Bf5 69. Kd5 Kf6 70. e7 1-0


[Site "https://www.chess.com"]

[Event "Late Titled Tuesday Blitz February 8 2022"]
[White "Araujo, Everson De Moura"]
[Black "Karas, Marek"]
[WhiteFideId "22737197"]
[BlackFideId "14928558"]
[WhiteElo "1861"]
[BlackElo "2270"]
[Result "0-1"]
[Round "05"]
[TimeControl "180+1"]
[Date "2022.02.09"]
[WhiteClock "0:00:07"]
[BlackClock "0:00:29"]

1. d4 Nf6 2. c4 c5 3. d5 e6 4. Nc3 exd5 5. cxd5 d6 6. Bf4 g6 7. e3 a6 8. a4 Bg7 9. Bd3 O-O 10. h3 Qe7 11. Nf3 Nbd7 12. a5 Nh5 13. Bh2 Ne5 14. Be2 Nxf3+ 15. Bxf3 Nf6 16. O-O Bd7 17. Ra3 Bb5 18. Re1 Nd7 19. Qc2 Ne5 20. Be2 Bxe2 21. Rxe2 c4 22. Na4 Rac8 23. Nb6 Rc5 24. Ra4 c3 25. bxc3 Nd7 26. Nxd7 Qxd7 27. c4 Rfc8 28. Qa2 Qc7 29. Rd2 Bf8 30. Rd4 Re8 31. Bg3 Bg7 32. Rd2 Re4 33. Rc2 h5 34. Rb4 Rxa5 35. Qb3 h4 36. Rxb7 Ra1+ 37. Kh2 hxg3+ 38. fxg3 Qc5 39. Rf2 Qxe3 40. Rb8+ Kh7 41. Rxf7 Qg1# 0-1


[Site "https://www.chess.com"]

[Event "Late Titled Tuesday Blitz February 8 2022"]
[White "Araujo Filho, Luiz Antonio Coel"]
[Black "Gracia Alvarez, Gerardo Antonio"]
[WhiteFideId "2130661"]
[BlackFideId "5109124"]
[WhiteElo "2259"]
[BlackElo "2139"]
[Result "0-1"]
[Round "05"]
[TimeControl "180+1"]
[Date "2022.02.09"]
[WhiteClock "0:00:02"]
[BlackClock "0:02:15"]

1. d4 Nf6 2. Nf3 g6 3. c4 c5 4. Nc3 cxd4 5. Nxd4 Nc6 6. e3 Bg7 7. Be2 O-O 8. O-O d5 9. cxd5 Nxd5 10. Nxc6 bxc6 11. Ne4 Rb8 12. Qc2 Bf5 13. Bf3 Nb4 14. Qc4 Qd3 15. Qxd3 Nxd3 16. Rb1 Rfd8 17. b3 Nc5 18. Nxc5 Bxb1 19. Ba3 Bf5 20. Bxc6 Rd2 21. Bf3 Rxa2 0-1


[Site "https://www.chess.com"]

[Event "Late Titled Tuesday Blitz February 8 2022"]
[White "Avazkhonov, Alikhon"]
[Black "Carbone, Diego"]
[WhiteFideId "14208504"]
[BlackFideId "3002179"]
[WhiteElo "1739"]
[BlackElo "2199"]
[Result "1/2-1/2"]
[Round "05"]
[TimeControl "180+1"]
[Date "2022.02.09"]
[WhiteClock "0:00:06"]
[BlackClock "0:00:07"]

1. f4 g6 2. Nf3 Bg7 3. g3 c5 4. Bg2 Nc6 5. O-O Nf6 6. d3 d5 7. Qe1 d4 8. Na3 O-O 9. c4 Re8 10. Bd2 a5 11. Nb5 Rb8 12. Ne5 Nxe5 13. fxe5 Ng4 14. Bxa5 b6 15. Bd2 Nxe5 16. a4 Bb7 17. a5 Bxg2 18. Kxg2 bxa5 19. Bxa5 Qd7 20. b4 Ng4 21. bxc5 Ne3+ 22. Kg1 Nxf1 23. Qxf1 Qc6 24. Bb6 Bh6 25. Qg2 Be3+ 26. Kh1 Rxb6 27. cxb6 Qxb6 28. Ra8 Rxa8 29. Qxa8+ Kg7 30. Qd5 Qf6 31. Qf3 Qa6 32. Kg2 Qa1 33. Qf1 Qb2 34. Qd1 f6 35. Nc7 Qb7+ 36. Nd5 e6 37. Qa4 exd5 38. Qb5 Qc7 39. Qxd5 Kh6 40. Qe4 Kg7 41. Qh4 Qa5 42. Qe4 Qe1 43. Qe7+ Kh6 44. Qf8+ Kh5 45. Qc5+ f5 46. Qc6 Qf2+ 47. Kh3 Qf1+ 48. Qg2 Qxg2+ 49. Kxg2 Bd2 50. c5 Ba5 51. c6 Kg5 52. Kf3 Kf6 53. e4 fxe4+ 54. Kxe4 Ke6 55. Kxd4 Kd6 56. Ke4 Kxc6 57. Ke5 Bc3+ 58. Ke6 Kb5 59. Kf7 Kc5 60. g4 g5 61. Kg8 Bd2 62. Kxh7 Kd4 63. Kh6 Kxd3 64. Kh5 Ke4 65. h4 gxh4 66. Kxh4 Ke5 67. Kh5 Ke6 68. g5 Kf7 69. g6+ Kg8 70. Kg4 Kg7 71. Kf5 Bc1 72. Ke6 Kxg6 1/2-1/2


[Site "https://www.chess.com"]

[Event "Late Titled Tuesday Blitz February 8 2022"]
[White "Baches Garcia, Guillermo"]
[Black "Velikanov, Alexander"]
[WhiteFideId "2209764"]
[BlackFideId "2039290"]
[WhiteElo "2450"]
[BlackElo "2259"]
[Result "0-1"]
[Round "05"]
[TimeControl "180+1"]
[Date "2022.02.09"]
[WhiteClock "0:00:01"]
[BlackClock "0:00:38"]

1. e4 e5 2. Nf3 Nf6 3. Nc3 d6 4. d4 Nbd7 5. Bc4 Be7 6. O-O O-O 7. Re1 c6 8. a4 a5 9. b3 Qc7 10. Bb2 exd4 11. Nxd4 Nc5 12. h3 Re8 13. Qf3 Bf8 14. Rad1 Bd7 15. Nf5 Bxf5 16. Qxf5 Re5 17. Qf3 Rae8 18. Bd3 d5 19. Nxd5 cxd5 20. Bxe5 Qxe5 21. exd5 Qxe1+ 22. Rxe1 Rxe1+ 23. Kh2 Bd6+ 24. g3 h5 25. Kg2 Kf8 26. Bb5 b6 27. Qf5 Re5 28. Qc8+ Ke7 29. c4 Re2 30. Qa8 Nfd7 31. Qa7 Rb2 32. Qa8 Rxb3 33. Qh8 g6 34. Qh6 Nf6 35. Qh8 Rb2 36. Qa8 Ncd7 37. Qb7 Bc5 38. Qc6 Rxf2+ 39. Kh1 Rb2 40. g4 hxg4 41. hxg4 g5 42. Qc7 Bd6 43. Qc6 Ne5 44. Qb7+ Kf8 45. Qc8+ Kg7 46. Qf5 Nexg4 47. Qxg5+ Kf8 48. Qf5 Bc5 0-1


[Site "https://www.chess.com"]

[Event "Late Titled Tuesday Blitz February 8 2022"]
[White "Baker, Chris W"]
[Black "Hamley, Ryan"]
[WhiteFideId "401676"]
[BlackFideId "30959497"]
[WhiteElo "2144"]
[BlackElo "2466"]
[Result "0-1"]
[Round "05"]
[TimeControl "180+1"]
[Date "2022.02.09"]
[WhiteClock "0:00:01"]
[BlackClock "0:01:08"]

1. e4 c5 2. Nc3 d6 3. f4 g6 4. Nf3 Bg7 5. Bc4 e6 6. O-O Ne7 7. d3 a6 8. Qe1 b5 9. Bb3 Bb7 10. a4 b4 11. Nb1 d5 12. Nbd2 Nbc6 13. Kh1 Nd4 14. Nxd4 Bxd4 15. e5 c4 16. dxc4 dxc4 17. Nxc4 Nf5 18. c3 bxc3 19. bxc3 Ba7 20. Ba3 Qc7 21. Rd1 Qc6 22. Qe2 Rd8 23. Rxd8+ Kxd8 24. Rd1+ Kc8 25. Na5 Qe4 26. Qd2 Be3 27. Qd7+ Kb8 28. Bd6+ Ka8 29. Nxb7 Qxb7 30. Qxb7+ Kxb7 31. Bc4 Bxf4 32. Rb1+ Kc6 33. Bxa6 Nxd6 34. exd6 Bxd6 35. Bb5+ Kc7 36. a5 Rb8 37. c4 Bc5 38. g3 Rd8 39. a6 Ba7 40. Kg2 h5 41. Kf3 g5 42. h3 f5 43. Re1 Rd3+ 44. Kg2 Rd2+ 45. Kh1 Kd6 46. Rc1 Bc5 47. Re1 e5 48. Rf1 f4 49. gxf4 exf4 0-1


[Site "https://www.chess.com"]

[Event "Late Titled Tuesday Blitz February 8 2022"]
[White "Balint, Vilmos"]
[Black "Martirosyan, Haik M."]
[WhiteFideId "718050"]
[BlackFideId "13306553"]
[WhiteElo "2059"]
[BlackElo "2735"]
[Result "0-1"]
[Round "05"]
[TimeControl "180+1"]
[Date "2022.02.09"]
[WhiteClock "0:01:05"]
[BlackClock "0:01:54"]

1. e4 c6 2. d4 a6 3. Nf3 d5 4. e5 Bf5 5. Be2 e6 6. O-O Ne7 7. c4 dxc4 8. Bxc4 Nd7 9. Nbd2 Nb6 10. b3 Bg4 11. h3 Bh5 12. Ba3 Ng6 13. Bxf8 Nxf8 14. Qc2 Bxf3 15. Nxf3 Ng6 16. Rfd1 O-O 17. g3 Nd5 18. h4 h6 19. Rac1 a5 20. Qe4 Re8 21. Bxd5 exd5 22. Qg4 Nf8 23. Rc5 Ne6 24. Rc2 Qe7 25. a4 Qb4 26. Rd3 Rac8 27. Qf5 b5 28. axb5 cxb5 29. Rxc8 Rxc8 30. g4 a4 31. bxa4 g6 32. Qf6 Qb1+ 0-1


[Site "https://www.chess.com"]

[Event "Late Titled Tuesday Blitz February 8 2022"]
[White "Bambino Filho, Antonio Carlos"]
[Black "Kim, Sergey"]
[WhiteFideId "2113163"]
[BlackFideId "13700570"]
[WhiteElo "2449"]
[BlackElo "2613"]
[Result "1/2-1/2"]
[Round "05"]
[TimeControl "180+1"]
[Date "2022.02.09"]
[WhiteClock "0:00:10"]
[BlackClock "0:00:35"]

1. d4 Nf6 2. c4 g6 3. Nc3 Bg7 4. e4 d6 5. Be2 O-O 6. Bg5 Nbd7 7. Qd2 a6 8. f3 c5 9. d5 b5 10. cxb5 axb5 11. Bxb5 Ba6 12. Bxa6 Rxa6 13. Nge2 Qb6 14. O-O Ne5 15. b3 Rfa8 16. Rab1 Qb4 17. Na4 Qb5 18. Nec3 Qd3 19. Rfd1 Qxd2 20. Rxd2 h6 21. Be3 Nfd7 22. h3 f5 23. f4 Nf7 24. exf5 gxf5 25. Re2 Nf6 26. Bd2 Kf8 27. Rbe1 R8a7 28. Nb2 Ne4 29. Nxe4 fxe4 30. Nc4 Rxa2 31. Rxe4 Bf6 32. Kh1 Rb7 33. R4e3 Bd4 34. Rd3 Bf2 35. Rf1 Bh4 36. f5 Bf6 37. g4 Kg7 38. Kg2 Ne5 39. Nxe5 Bxe5 40. Kf3 Rb2 41. Bf4 Bf6 42. Re1 R7xb3 43. Ree3 Rb7 44. Kg3 Rc2 45. h4 Rbb2 46. g5 hxg5 47. hxg5 Rg2+ 48. Kh3 Bxg5 49. Bxg5 Rxg5 50. Rxe7+ Kh6 51. Re6+ Kh5 52. Rg3 Rxg3+ 53. Kxg3 Kg5 54. Rxd6 Rb3+ 55. Kf2 Kxf5 56. Rc6 Rc3 57. Ke2 Ke5 58. d6 Rc4 59. d7 Rd4 60. Rxc5+ Ke6 61. Rc6+ Kxd7 62. Rc3 Rd6 63. Rd3 Rxd3 64. Kxd3 1/2-1/2


[Site "https://www.chess.com"]

[Event "Late Titled Tuesday Blitz February 8 2022"]
[White "Barp, Alberto"]
[Black "Novikov, Evgenij"]
[WhiteFideId "872555"]
[BlackFideId "4125380"]
[WhiteElo "2229"]
[BlackElo "2242"]
[Result "0-1"]
[Round "05"]
[TimeControl "180+1"]
[Date "2022.02.09"]
[WhiteClock "0:00:02"]
[BlackClock "0:00:05"]

1. d4 Nf6 2. c4 e6 3. g3 d5 4. Bg2 Be7 5. Nf3 O-O 6. O-O c6 7. Qb3 Nbd7 8. Rd1 b6 9. Bf4 Bb7 10. Nc3 a5 11. Rac1 Nh5 12. Bd2 Nhf6 13. Bf4 Nh5 14. Be3 Nhf6 15. h3 dxc4 16. Qxc4 Nd5 17. Bd2 Ba6 18. Qxc6 Rc8 19. Qa4 Nxc3 20. Bxc3 Bxe2 21. Re1 Ba6 22. Rcd1 Bb7 23. Qc2 Nf6 24. Qb1 Nd5 25. Bd2 Bf6 26. Ne5 Qc7 27. Rc1 Qe7 28. Rxc8 Rxc8 29. Rc1 Qd8 30. Rxc8 Qxc8 31. Be4 g6 32. Qc2 Qd8 33. Bf3 Bg7 34. Kg2 Qa8 35. Qd1 h5 36. h4 a4 37. a3 b5 38. Kg1 Ne7 39. Bxb7 Qxb7 40. Qf3 Qxf3 41. Nxf3 Nc6 42. Bc3 Kf8 43. Kf1 Ke7 44. Ke2 Kd7 45. Kd3 Ne7 46. Ke4 Nd5 47. Bd2 Kc6 48. Ne5+ Bxe5 49. dxe5 Kc5 50. Kd3 Nc7 51. Ke4 Kc4 52. f3 Nd5 53. g4 Kb3 54. Bc1 Kc2 55. Bg5 Kxb2 0-1


[Site "https://www.chess.com"]

[Event "Late Titled Tuesday Blitz February 8 2022"]
[White "Bauer, Thomas"]
[Black "Oro, Luis"]
[WhiteFideId "1639293"]
[BlackFideId "104094"]
[WhiteElo "2220"]
[BlackElo "2294"]
[Result "1-0"]
[Round "05"]
[TimeControl "180+1"]
[Date "2022.02.09"]
[WhiteClock "0:00:16"]
[BlackClock "0:00:07"]

1. d4 Nf6 2. c4 g6 3. Nc3 Bg7 4. e4 d6 5. Be2 O-O 6. Nf3 e5 7. O-O Nc6 8. Be3 Bg4 9. dxe5 dxe5 10. Qb1 Bxf3 11. Bxf3 Nd4 12. Bd1 Nd7 13. b4 f5 14. f3 f4 15. Bf2 g5 16. c5 c6 17. a4 h5 18. Kh1 Nf6 19. Ra2 Qc8 20. Rd2 Nh7 21. Ne2 Nxe2 22. Bxe2 g4 23. Rd6 Rf6 24. Rfd1 Rxd6 25. Rxd6 Bf8 26. Qb3+ Kg7 27. Rd1 Ng5 28. Bh4 Be7 29. Qc3 Qe6 30. Bc4 Qf6 31. Rg1 Kg6 32. Qe1 Rd8 33. Qe2 Rd4 34. Ba2 Rxb4 35. fxg4 Rxe4 36. Bb1 Kh6 37. Bxe4 hxg4 38. Qxg4 Nxe4 39. g3 Nf2+ 40. Kg2 Nxg4 41. Bxf6 Bxf6 42. gxf4 exf4 43. Kf3 Nxh2+ 44. Kxf4 Bd4 45. Rh1 Bxc5 46. Rxh2+ Kg6 47. Re2 Kf6 48. Re8 Bb6 49. Ra8 a6 50. Ke4 Bc7 51. Re8 b5 52. Rc8 Ba5 53. Rxc6+ Ke7 54. Rxa6 Bd8 55. axb5 Kd7 56. Kd5 Kc7 57. Rc6+ Kb7 58. Rc2 Bb6 59. Rc4 Ba5 60. Rc6 Bb6 61. Kc4 Ba5 62. Kb3 Bb6 63. Ka4 Ka7 64. Re6 Kb7 65. Re2 Ka7 66. Rc2 Kb7 67. Kb3 Ka7 68. Kc4 Kb7 69. Kd5 Ka7 70. Ke6 Kb7 71. Kd7 Ba5 72. Kd6 Bb6 73. Kd5 Ba5 74. Rc6 Bb6 75. Kc4 Ba5 76. Kc5 Bd8 77. b6 Be7+ 78. Kb5 Bd8 79. Rd6 Be7 80. Rd7+ 1-0


[Site "https://www.chess.com"]

[Event "Late Titled Tuesday Blitz February 8 2022"]
[White "Beerdsen, Thomas"]
[Black "Niemann, Hans Moke"]
[WhiteFideId "1030108"]
[BlackFideId "2093596"]
[WhiteElo "2585"]
[BlackElo "2636"]
[Result "0-1"]
[Round "05"]
[TimeControl "180+1"]
[Date "2022.02.08"]
[WhiteClock "0:00:04"]
[BlackClock "0:00:55"]

1. e4 g6 2. d4 Bg7 3. Nf3 c6 4. Bc4 d5 5. Bb3 Bg4 6. h3 Bxf3 7. Qxf3 e6 8. c3 Nd7 9. O-O Ne7 10. Bf4 O-O 11. Nd2 a5 12. a3 a4 13. Bc2 c5 14. exd5 cxd4 15. dxe6 fxe6 16. Qg4 Nc5 17. Ne4 h5 18. Qg3 Nd5 19. Bd6 Nxe4 20. Bxe4 h4 21. Qh2 Rf7 22. Bxg6 Rd7 23. Bc5 Qg5 24. Bb1 Be5 25. f4 Nxf4 26. Kh1 Ne2 0-1


[Site "https://www.chess.com"]